AoeStats
← Cya m8

Arabia

507098555Analyzed
1v1 RM · 17d ago on Sep 16, 2026· 40m 22s· 2 players
Game mode
Random Map
Map size
Tiny (2 player)
Population
200
Speed
Normal
Resources
Standard
Victory
Conquest
Starting age
Dark Age
Ending age
Imperial Age
RankedLock teamsTeams togetherTeam positionsShared explorationLock speedFull tech treeHidden civsTurbo modeCheats
Victory
Defeat
🇹🇷 Turks · Türkiye
728
+16
🇹🇷 Vietnamese · Türkiye
719
-16
Cya m8
11:56 Feudal Age
12:44 Loom
13:55 Double-Bit Axe
18:37 Castle Age
16:59 Forging
17:00 Padded Archer Armor
17:37 Scale Mail Armor
19:40 Thumb Ring
19:30 Fletching
23:57 Crossbowman
36:41 Imperial Age
34:04 Elite Skirmisher
40:19 Bow Saw
DarkCloud
10:29 Feudal Age
10:52 Horse Collar
11:00 Double-Bit Axe
12:13 Loom
19:06 Bloodlines
23:34 Castle Age
24:47 Thumb Ring
24:39 Fletching
24:50 Padded Archer Armor
24:56 Scale Barding Armor
24:54 Gold Mining
25:26 Heavy Plow
26:02 Husbandry
27:39 Bow Saw
30:31 Ballistics
32:49 Chain Barding Armor
32:45 Leather Archer Armor
32:25 Bodkin Arrow
41:29 Imperial Age
Connection lost

Rejoining the realm…

Still unreachable

The connection could not be restored.

Session expired

The server has moved on; the page needs a fresh start.